 Dungeon Crawl Stone Soup version 0.29-a0-557-g43b9904bd1 (webtiles) character file.

Game seed: 13756349338284722581

43 Hubjo the Insei (level 3, 0/22 (27) HPs)
             Began as a Demonspawn Transmuter on June 8, 2022.
             Slain by a necrophage (2 damage)
             ... on level 2 of the Dungeon.
             The game lasted 00:01:30 (2474 turns).

Hubjo the Insei (Demonspawn Transmuter)             Turns: 2474, Time: 00:01:31

HP:   0/22 (27)     AC:  2    Str: 10    XL:     3   Next: 37%
MP:   6/6           EV: 12    Int: 14    God:
Gold: 74            SH:  0    Dex: 15    Spells: 5/6 levels left

rFire   . . .      SeeInvis .     - Unarmed
rCold   . . .      Faith    .   (no shield)
rNeg    . . .      Spirit   .   a - +0 robe
rPois   .          Reflect  .   (helmet currently unavailable)
rElec   .          Harm     .   (no cloak)
rCorr   .          Rampage  .   (no gloves)
Will    .....                   (boots currently unavailable)
Stlth   ++........              (no amulet)
HPRegen 0.07/turn               g - ring of flight
MPRegen 0.10/turn               (no ring)

@: appendages (expiring), flying, heavily drained
A: horns 2, talons 2, foul stench 1
a: End Transformation


You were on level 2 of the Dungeon.
You had temporarily grown beastly horns and talons.
You visited 1 branch of the dungeon, and saw 2 of its levels.

You collected 74 gold pieces.

Inventory:

Armour
 a - a +0 robe (worn)
Jewellery
 g - a ring of flight (left hand)
Scrolls
 d - 2 scrolls of amnesia
 f - a scroll of fear {unknown}
 j - a scroll of noise {unknown}
 k - 2 scrolls of identify {unknown}
 m - 2 scrolls of teleportation {unknown}
 n - a scroll of enchant armour {unknown}
 o - a scroll of immolation {unknown}
Potions
 b - 4 potions of lignification
 c - 3 potions of degeneration {unknown}
 e - a potion of brilliance {unknown}
 h - a potion of heal wounds {unknown}
 i - 3 potions of haste {unknown}
 l - a potion of magic {unknown}
 p - a potion of cancellation {unknown}


   Skills:
 * Level 2.1 Fighting
 - Level 1.7 Dodging
 + Level 1.1 Stealth
 + Level 2.9 Unarmed Combat
 + Level 2.3 Spellcasting
 + Level 2.1 Transmutations


You had 5 spell levels left.
You knew the following spells:

 Your Spells              Type           Power      Damage    Failure   Level
a - Beastly Appendage     Tmut           14%        N/A       10%         1

Your spell library contained the following spells:

 Spells                   Type           Power      Damage    Failure   Level
 Wereblood                Tmut           7%         N/A       14%         2
 Magic Dart               Conj           4%         1d3       24%         1
 Call Imp                 Summ           1%         N/A       34%         2
 Searing Ray              Conj           2%         2d4       34%         2
 Spider Form              Tmut/Pois      4%         N/A       41%         3
 Mephitic Cloud           Conj/Pois/Air  1%         N/A       56%         3
 Ice Form                 Ice/Tmut       4%         N/A       83%         4
 Fulminant Prism          Conj/Hex       0%         3d6       93%         4


Dungeon Overview and Level Annotations

Branches:
Dungeon (2/15)

Altars:


Innate Abilities, Weirdness & Mutations

You have temporarily grown beastly horns and talons.
You may rarely emit foul miasma when damaged in melee.


Message History

Your transformation is almost over.
Your horns disappear.
Your talons disappear.
Key pressed, stopping explore.
You see here an adder skeleton.
Found an escape hatch in the floor.
Found a stone staircase leading up.
There is an escape hatch in the floor here.
p - a metallic grey potion A necrophage comes into view.
A necrophage is nearby!
A necrophage is nearby!
You grow a pair of large bovine horns.
Your feet morph into talons.
You hit the necrophage but do no damage.
The necrophage hits you.
You closely miss the necrophage. The necrophage hits you.
You feel drained.
You barely miss the necrophage. Your headbutt misses the necrophage.
Your transformation is almost over.
The necrophage hits you.
You closely miss the necrophage.
The necrophage hits you but does no damage.
You hit the necrophage but do no damage.
Your kick misses the necrophage. The necrophage hits you.
You feel drained.
You closely miss the necrophage. Your kick misses the necrophage.
The necrophage hits you.
You feel drained.
You completely miss the necrophage.
You claw the necrophage, but do no damage.
The necrophage hits you.
You hit the necrophage.
The necrophage is moderately damaged.
You closely miss the necrophage.
The necrophage is moderately damaged.
The necrophage hits you.
You feel drained.
You emit a cloud of foul miasma!
You hit the necrophage. You claw the necrophage. You headbutt the necrophage.
The necrophage is heavily damaged.
The necrophage hits you.
* * * LOW HITPOINT WARNING * * *
You hit the necrophage. Your headbutt misses the necrophage.
The necrophage is severely damaged.
The necrophage hits you.
You die...

#...>)...# ##
#####.####
#........#
#.###.##.# ### #.#
#.##.# ..#
..###.##.###.# #.#
#########
.............# #.#
#.......#
#..#...#.###.###n#
#.#.....###
.........# #....@#
#.#.......##
####...### ###.###
#.#.....#... ##.##
#.# #.........#≈
#.# ##.##
#####.###.≈≈ #.#
#...##### #.###.P≈
##+# #.#...>.#
#.....♣P ##...##
#.<.###.#
##.#...≈≈
##.....## #####
#.# #..♣...≈≈
##.......##
##.###.# #.♣≈≈...P


You could see a necrophage.

Vanquished Creatures
  2 adders (D:2)
  A worm (D:2)
  An endoplasm (D:2)
  3 giant cockroaches (D:2)
  2 goblins
  2 hobgoblins
  2 kobolds
  A quokka (D:1)
  3 bats
  A frilled lizard (D:2)
  4 rats
22 creatures vanquished.

Vanquished Creatures (others)
  6 plants (D:2)
6 creatures vanquished.

Grand Total: 28 creatures vanquished

Notes
Turn   | Place    | Note
-------+----------+-------------------------------------------
     0 | D:1      | Hubjo the Demonspawn Transmuter began the quest for the
                  | Orb.
     0 | D:1      | Reached XP level 1. HP: 15/15 MP: 3/3
   796 | D:2      | Gained mutation: You may rarely emit foul miasma when
                  | damaged in melee. [demonic ancestry]
   796 | D:2      | Reached XP level 2. HP: 21/21 MP: 3/5
  1574 | D:2      | Reached XP level 3. HP: 24/27 MP: 4/6
  1673 | D:2      | Reached skill level 1 in Stealth
  2461 | D:2      | Noticed a necrophage
  2474 | D:2      | Slain by a necrophage

Illustrated notes

Levels and vault maps discovered:
D:1:      dpeg_arrival_ternary, layout_rooms
D:2:      layout_loops_corners, serial_bayou, serial_bayou_ford_a,
          serial_bayou_pond_c, serial_bayou_pond_e, serial_bayou_shore_a,
          minmay_misc_feat_more_columns

Skill      XL: |  1  2  3 |
---------------+----------+-----
Transmutations | 2 |  2.1
Stealth        | 1 |  1.1
Fighting       | 2 |  2.1
Dodging        | |  1.7
Unarmed Combat | |  2.9
Spellcasting   | |  2.3

Action                   || total
-------------------------++-------
Melee: Unarmed           ||    86
       Headbutt          ||    17
       Kick              ||    11
 Cast: Beastly Appendage ||    52
  Use: Scroll            ||     1
 Stab: Sleeping          ||     1
Armor: Robe              ||    11
Dodge: Dodged            ||    52

Table legend: (Time is in decaauts)
 A = Elapsed time spent in this place.
 B = Non-inter-level travel time spent in this place.
 C = Inter-level travel time spent in this place.
 D = Time resting spent in this place.
 E = Time spent auto-exploring this place.
 F = Levels seen in this place.
 G = Mean time per level.
                   A        B        C        D        E       F      G
               +--------+--------+--------+--------+--------+-----+--------+
         Total |   2469 |   2442 |     27 |      0 |   2186 |   2 | 1234.5 |
       Dungeon |   2469 |   2442 |     27 |      0 |   2186 |   2 | 1234.5 |
               +--------+--------+--------+--------+--------+-----+--------+

Top non-repeatable levels by time:
     D:2: 1696 daAuts
     D:1: 773 daAuts
